 Dungeon Crawl Stone Soup version 0.30-a0-651-g0755cc6dcf (webtiles) character file.

Game seed: 14641158044927731757

20283 Fenrisus the Fighter (level 13, -18/105 HPs)
             Began as a Formicid Hunter on Jan 18, 2023.
             Was an Initiate of Gozag.
             Shot with an arrow by a deep elf master archer (23 damage)
             ... created by the fury of Okawaru
             ... on level 2 of the Lair of Beasts.
             The game lasted 01:51:39 (13782 turns).

Fenrisus the Fighter (Formicid Hunter)             Turns: 13782, Time: 01:51:40

Health: -18/105    AC: 25    Str: 26    XL:     13   Next: 11%
Magic:  13/13      EV: 18    Int: 13    God:    Gozag
Gold:   1152       SH: 12    Dex: 21    Spells: 12/12 levels left

rFire   . . .      SeeInvis +    r - +10 dire flail of Outrage {elec, rPois Str+4 Int+4}
rCold   . . .      Faith    .    j - +0 kite shield
rNeg    . . .      Spirit   .    J - +2 storm dragon scales
rPois   +          Reflect  .    (helmet unavailable)
rElec   +          Harm     .    v - +1 cloak
rCorr   +          Rampage  .    q - +1 Delatra's gloves {ID++}
Will    +....                    e - +3 pair of boots of Gallantry {rCorr Str+5 Slay+3} Stlth
                                 y - amulet of regeneration
HPRegen 1.97/turn                g - +4 ring of slaying
MPRegen 0.13/turn                p - +5 ring of evasion

@: mighty, gold aura
A: permanent stasis, dig shafts and tunnels, antennae 3, four strong arms,
hooves 1, sense surroundings 1, regeneration 1
a: Dig, Shaft Self, Renounce Religion, Potion Petition, Call Merchant, Bribe
Branch


You were on level 2 of the Lair of Beasts.
You worshipped Gozag.
Gozag was most pleased with you.
You visited 3 branches of the dungeon, and saw 13 of its levels.

You collected 1368 gold pieces.
You paid 216 gold pieces to Gozag.

Inventory:

Hand Weapons
 a - a +0 shortbow
 f - the +7 flail of the Skies Above {venom, rElec rPois Will+ Dex-3}
   (You found it on level 8 of the Dungeon)

   Dex:       It affects your dexterity (-3).
   rElec:     It insulates you from electricity.
   rPois:     It protects you from poison.
   Will:      It increases your willpower.
 r - the +10 dire flail of Outrage (weapon) {elec, rPois Str+4 Int+4}
   (You found it on level 2 of the Dungeon)

   Str:       It affects your strength (+4).
   Int:       It affects your intelligence (+4).
   rPois:     It protects you from poison.
 E - the +9 spear "Paujez" {drain, rC+ Dex+3}
   (You found it on level 9 of the Dungeon)

   Dex:       It affects your dexterity (+3).
   rC:        It protects you from cold.
Missiles
 B - a silver javelin
Armour
 c - a +1 leather armour of cold resistance
 e - the +3 pair of boots of Gallantry (worn) {rCorr Str+5 Slay+3}
   (You acquired it on level 3 of the Dungeon)

   Str:       It affects your strength (+5).
   Slay:      It affects your accuracy & damage with ranged weapons and melee
   (+3).
   rCorr:     It protects you from acid and corrosion.
 j - a +0 kite shield (worn)
 q - the +1 Delatra's gloves (worn) {ID++}
   (You found it on level 3 of the Dungeon)

   ID++:      It heals its wearer when they drink unknown potions, and restores
   their MP when they read unknown scrolls.
 v - a +1 cloak (worn)
 A - +0 acid dragon scales
 F - the +1 leather armour of Limited Liability {rC+ Int+3}
   (You found it on level 9 of the Dungeon)

   Int:       It affects your intelligence (+3).
   rC:        It protects you from cold.
 J - +2 storm dragon scales (worn)
 K - the +8 scale mail of the Stallion {*Slow rF+ Will++}
   (You found it on level 10 of the Dungeon)

   rF:        It protects you from fire.
   *Slow:     It may slow you when you take damage.
   Will:      It greatly increases your willpower.
 M - the +2 helmet of Immorality {-Tele Harm Str+3 Int+2}
   (You found it on level 1 of the Lair of Beasts)

   Str:       It affects your strength (+3).
   Int:       It affects your intelligence (+2).
   -Tele:     It prevents most forms of teleportation.
   Harm:      It increases damage dealt and taken.
Jewellery
 g - a +4 ring of slaying (left hand)
 n - a +6 ring of strength
 p - a +5 ring of evasion (right hand)
 u - an amulet of the acrobat
 x - an amulet of faith
 y - an amulet of regeneration (around neck)
 L - a ring of protection from cold
Wands
 b - a wand of light (7)
 d - a wand of flame (6)
 D - a wand of polymorph (1)
Potions
 h - a potion of resistance {unknown}
 i - 3 potions of magic {unknown}
 k - 2 potions of berserk rage
 s - 2 potions of flight
 t - 2 potions of invisibility
 w - a potion of cancellation {unknown}
 C - 2 potions of haste {unknown}
 G - 2 potions of ambrosia {unknown}
 I - a potion of lignification {unknown}
Miscellaneous
 m - a condenser vane (inert)


   Skills:
 + Level 10.9 Fighting
 + Level 8.7 Maces & Flails
 - Level 7.6 Ranged Weapons
 + Level 9.8 Armour
 + Level 9.2 Dodging
 - Level 1.3 Stealth
 + Level 9.5 Shields


You had 12 spell levels left.
You didn't know any spells.
Your spell library contained the following spells:

 Spells                   Type           Power      Damage    Failure   Level
 Kiss of Death            Conj/Necr      0%         2d5       95%         1
 Necrotise                Necr           0%         1d4       95%         1
 Lesser Beckoning         Tloc           0%         N/A       99%         2
 Confusing Touch          Hex            0%         N/A       100%        3
 Gell's Gravitas          Tloc           0%         N/A       100%        3
 Ozocubu's Armour         Ice            0%         N/A       100%        3
 Teleport Other           Tloc           0%         N/A       100%        3
 Vampiric Draining        Necr           0%         2d6       100%        3
 Dispel Undead            Necr           0%         3d6       100%        4
 Agony                    Necr           0%         N/A       100%        5
 Ozocubu's Refrigeration  Ice            0%         4d7       100%        7


Dungeon Overview and Level Annotations

Branches:
Dungeon (10/15)            Temple (1/1) D:6            Lair (2/5) D:10
  Swamp: Lair:2-3    Shoals: Lair:2-3     Snake: Lair:2-3    Spider: Lair:2-3
    Orc: D:9-12

Altars:
Ashenzari
Cheibriados
Dithmenos
Elyvilon
Fedhas
Gozag
Hepliaklqana
Kikubaaqudgha
Makhleb
Nemelex Xobeh
Okawaru
Qazlal
Ru
Sif Muna
Trog
Uskayaw
Vehumet
Wu Jian
Xom
Yredelemnul
Zin
The Shining One
Lugonu

Shops:
D:8 :

Portals:
Abyss: D:5

Annotations:
D:5 2 runed translucent doors


Innate Abilities, Weirdness & Mutations

You cannot be hasted, slowed, berserked, paralysed or teleported.
You can dig through walls and to a lower floor.
You have a pair of large antennae on your head. (SInv)
Your four strong arms can wield two-handed weapons with a shield.
You have large cloven feet.
You passively map a small area around you.
Your natural rate of healing is unusually fast.


Message History

You hear a croak.
The deep elf master archer shoots an arrow.
The arrow misses you.
You feel very mighty all of a sudden.
The deep elf master archer shoots an arrow.
The arrow hits you!!
The deep elf master archer shoots an arrow.
You block the arrow.
You feel much better.
The frost giant is no longer distracted by gold.
The deep elf master archer shoots an arrow.
The arrow barely misses you.
The deep elf master archer shoots an arrow.
The arrow hits you! The frost giant completely misses you.
You bludgeon the frost giant!!
Lightning courses through the frost giant!
The frost giant is severely wounded.
The deep elf master archer shoots an arrow.
You block the arrow.
The deep elf master archer shoots an arrow.
The arrow closely misses you.
The frost giant hits you with a +4 battleaxe of freezing!
The frost giant freezes you.
You bludgeon the frost giant!!
You kill the frost giant!
That felt strangely unrewarding.
The centaur warrior shoots an arrow.
The arrow hits you!
The deep elf master archer shoots an arrow.
The arrow hits you!!
The deep elf master archer shoots an arrow.
The arrow hits you!!
* * * LOW HITPOINT WARNING * * *
The centaur warrior shoots an arrow.
The arrow hits you.
* * * LOW HITPOINT WARNING * * *
A basilisk comes into view.
You feel mightier all of a sudden.
The deep elf master archer shoots an arrow.
The arrow hits you!!
You die...
Your body crumbles into a pile of gold.

, , , , ###. #. * **
##* ## , , , .# # ,
.#* , * ##########
#. *
##...~~~~~###.## ,
**
###e########~###.###
* *
#c.@?.~~~._.~~~.....
*
#l##.###~########.##
, , #. ##.#* ,..##.
, #{ #.## ** ####.#
, #.* ##.########...
* *#. ##.......... *
, #.* ########### ,
..{ **


You could see a deep elf master archer, a centaur warrior and a basilisk.

Vanquished Creatures
  3 frost giants (Lair:2)
  A stone giant (Lair:2)
  4 minotaurs (Lair:1)
  A deep elf annihilator (Lair:1)
  A deep elf death mage (Lair:1)
  2 merfolk javelineers
  4 centaur warriors
  2 two-headed ogres
  4 naga warriors
  2 tengu warriors
  Urug (D:10)
  3 deep elf knights
  A naga ritualist (Lair:1)
  4 orc knights (Lair:1)
  3 deep elf archers (Lair:1)
  2 deep elf pyromancers
  2 cyclopes
  4 deep elf zephyrmancers
  A salamander (Lair:2)
  2 black mambas (Lair:2)
  5 torpor snails
  5 komodo dragons
  Joseph (D:10)
  2 cane toads
  Maggie (D:10)
  A rime drake (Lair:2)
  A tengu conjurer (Lair:2)
  A troll (D:10)
  5 merfolk
  A polar bear (Lair:2)
  2 hornets
  8 blink frogs
  Sigmund (D:4)
  26 yaks
  2 shadows
  3 wyverns
  A steam dragon (D:9)
  7 nagas
  2 wargs (Lair:1)
  An acid dragon (D:8)
  Edmund (D:6)
  8 water moccasins
  9 orc warriors
  An ice beast (D:6)
  A black bear (D:5)
  2 ogres
  12 wolves
  2 centaurs
  Blork the orc (D:4)
  3 kobold brigands
  6 bullfrogs
  A scorpion (D:5)
  2 gnoll sergeants
  9 wights
  10 killer bees
  8 electric eels
  2 jellies
  2 gnoll boudas
  11 orc priests
  9 hounds
  3 iguanas
  13 orc wizards
  2 human simulacra (D:10)
  10 adders
  19 gnolls
  2 shadow imps
  2 white imps
  2 ufetubi (D:7)
  3 worms
  33 orcs
  4 ball pythons
  8 endoplasms
  3 giant cockroaches
  4 goblins
  7 hobgoblins
  A quokka (D:3)
  3 bats (D:3)
  2 frilled lizards
  17 kobolds
  2 rats (D:3)
363 creatures vanquished.

Vanquished Creatures (others)
  4 centaurs (Lair:1)
  An orc priest (D:6)
  An orc wizard (D:5)
  2 orcs (D:5)
  8 fungi (Lair:2)
  28 plants
44 creatures vanquished.

Grand Total: 407 creatures vanquished

Notes
Turn   | Place    | Note
-------+----------+-------------------------------------------
     0 | D:1      | Fenrisus the Formicid Hunter began the quest for the Orb.
     0 | D:1      | Reached XP level 1. HP: 16/16 MP: 1/1
   131 | D:1      | Found a faded altar of an unknown god.
   996 | D:2      | Reached XP level 2. HP: 17/23 MP: 2/2
  1391 | D:2      | Reached XP level 3. HP: 28/28 MP: 3/3
  1702 | D:2      | Identified the +10 dire flail of Outrage {elec, rPois Str+4
                  | Int+4}
  1749 | D:2      | Reached skill level 3 in Fighting
  2528 | D:3      | Reached XP level 4. HP: 35/35 MP: 4/4
  2771 | D:3      | Reached skill level 1 in Maces & Flails
  2771 | D:3      | Reached XP level 5. HP: 33/41 MP: 5/5
  3145 | D:3      | Found the +1 Delatra's gloves {ID++}
  3698 | D:4      | Noticed Blork the orc
  3767 | D:4      | Noticed Sigmund
  3815 | D:3      | Identified a scroll of acquirement
  3818 | D:3      | Acquired the +3 pair of boots of Gallantry {rCorr Str+5
                  | Slay+3}
  3993 | D:4      | Killed Sigmund
  3994 | D:4      | Reached skill level 4 in Fighting
  3994 | D:4      | Reached skill level 5 in Ranged Weapons
  3994 | D:4      | Reached XP level 6. HP: 47/48 MP: 6/6
  4253 | D:4      | Killed Blork the orc
  4254 | D:4      | Reached XP level 7. HP: 43/55 MP: 7/7
  4533 | D:4      | Found a blossoming altar of Fedhas.
  4776 | D:5      | Entered Level 5 of the Dungeon
  4794 | D:5      | Noticed a water moccasin
  4804 | D:5      | Killed a water moccasin
  4805 | D:5      | Reached skill level 1 in Armour
  4821 | D:5      | Reached skill level 5 in Fighting
  4829 | D:5      | Reached XP level 8. HP: 56/62 MP: 8/8
  5435 | D:5      | Found a one-way gate to the infinite horrors of the Abyss.
  5435 | D:5      | Identified the +3 rapier of Disaster {distort, rC+ Int+2
                  | Dex+3}
  5513 | D:5      | Found a large runed translucent door.
  5513 | D:5      | Found a large runed translucent door.
  5514 | D:5      | Found a corrupted altar of Lugonu.
  5650 | D:6      | Found a bloodstained altar of Trog.
  5660 | D:6      | Found a staircase to the Ecumenical Temple.
  5668 | Temple   | Entered the Ecumenical Temple
  5781 | Temple   | Became a worshipper of Warmaster Okawaru
  5858 | D:6      | Noticed Edmund
  5874 | D:6      | Killed Edmund
  5875 | D:6      | Reached skill level 6 in Fighting
  5937 | D:6      | Reached skill level 5 in Dodging
  6052 | D:6      | Reached XP level 9. HP: 45/69 MP: 9/9
  7971 | D:6      | Reached * piety under Okawaru
  8047 | D:6      | Reached skill level 7 in Fighting
  8047 | D:6      | Reached skill level 5 in Armour
  8368 | D:7      | Reached XP level 10. HP: 79/79 MP: 10/10
  8376 | D:7      | Reached ** piety under Okawaru
  8377 | D:7      | Gained mutation: A frigid envelope surrounds you and
                  | freezes all who hurt you. [potion of mutation]
  8394 | D:6      | Lost mutation: A frigid envelope surrounds you and freezes
                  | all who hurt you. [potion of mutation]
  8394 | D:6      | Gained mutation: You occasionally shout uncontrollably at
                  | your foes. [potion of mutation]
  8394 | D:6      | Gained mutation: You are dopey. (Int -2) [potion of
                  | mutation]
  8394 | D:6      | Gained mutation: You are strong-willed. (Will+) [potion of
                  | mutation]
  8395 | D:6      | Lost mutation: You are strong-willed. (Will+) [potion of
                  | mutation]
  8395 | D:6      | Lost mutation: You occasionally shout uncontrollably at
                  | your foes. [potion of mutation]
  8395 | D:6      | Gained mutation: You are weak. (Str -2) [potion of
                  | mutation]
  8395 | D:6      | Gained mutation: Your system is resistant to poisons.
                  | (rPois) [potion of mutation]
  8395 | D:6      | Gained mutation: You passively map a small area around you.
                  | [potion of mutation]
  8396 | D:6      | Lost mutation: You are dopey. (Int -2) [potion of mutation]
  8396 | D:6      | Lost mutation: You are weak. (Str -2) [potion of mutation]
  8396 | D:6      | Lost mutation: Your system is resistant to poisons. (rPois)
                  | [potion of mutation]
  8396 | D:6      | Gained mutation: Your natural rate of healing is unusually
                  | fast. [potion of mutation]
  8396 | D:6      | Gained mutation: You have large cloven feet. [potion of
                  | mutation]
  8935 | D:8      | Found Edovij's Book Boutique.
  9341 | D:8      | Reached skill level 1 in Shields
  9473 | D:8      | Reached skill level 5 in Maces & Flails
  9511 | D:8      | Found an ornate altar of the Wu Jian Council.
  9521 | D:8      | Found a burning altar of Makhleb.
  9570 | D:8      | Found an ancient bone altar of Kikubaaqudgha.
  9745 | D:8      | Reached skill level 8 in Fighting
  9827 | D:8      | Identified the +7 flail of the Skies Above {venom, rElec
                  | rPois Will+ Dex-3}
  9834 | D:8      | Reached *** piety under Okawaru
 10124 | D:8      | Reached XP level 11. HP: 87/87 MP: 11/11
 10244 | D:9      | Noticed a two-headed ogre
 10359 | D:9      | Killed a two-headed ogre
 10359 | D:9      | Reached **** piety under Okawaru
 10359 | D:9      | Received a gift from Okawaru
 10360 | D:9      | Reached skill level 5 in Shields
 10391 | D:9      | Identified the +9 spear "Paujez" {drain, rC+ Dex+3}
 10409 | D:9      | Noticed a centaur warrior
 10418 | D:9      | Killed a centaur warrior
 10419 | D:9      | Reached skill level 9 in Fighting
 10424 | D:9      | Identified the +1 leather armour of Limited Liability {rC+
                  | Int+3}
 10581 | D:9      | Reached ***** piety under Okawaru
 10826 | D:10     | Entered Level 10 of the Dungeon
 10826 | D:10     | Found a shadowy altar of Dithmenos.
 10836 | D:10     | Noticed Joseph
 10858 | D:10     | Killed Joseph
 10984 | D:10     | Noticed a two-headed ogre
 10990 | D:10     | Killed a two-headed ogre
 11132 | D:10     | Identified the +8 scale mail of the Stallion {*Slow rF+
                  | Will++}
 11146 | D:10     | Noticed Maggie
 11155 | D:10     | Killed Maggie
 11171 | D:10     | Received a gift from Okawaru
 11297 | D:10     | Noticed Urug
 11323 | D:10     | Killed Urug
 11358 | D:10     | Found an opulent altar of Gozag.
 11364 | D:10     | Fell from the grace of Okawaru
 11364 | D:10     | Became a worshipper of Gozag Ym Sagoz the Greedy
 11485 | D:10     | Found a staircase to the Lair.
 11499 | Lair:1   | Entered Level 1 of the Lair of Beasts
 11515 | Lair:1   | Reached XP level 12. HP: 97/97 MP: 12/12
 11568 | Lair:1   | Identified the +2 helmet of Immorality {-Tele Harm Str+3
                  | Int+2}
 11620 | Lair:1   | Reached skill level 10 in Fighting
 11684 | Lair:1   | Noticed a naga warrior
 11684 | Lair:1   | Noticed a minotaur
 11782 | Lair:2   | Noticed a deep elf knight
 11782 | Lair:2   | Noticed a deep elf knight
 11782 | Lair:2   | Noticed a frost giant
 11782 | Lair:2   | Noticed a frost giant
 11798 | Lair:1   | Killed a naga warrior
 11807 | Lair:1   | Killed a minotaur
 11868 | Lair:1   | Killed a deep elf knight
 11939 | Lair:1   | Noticed a minotaur
 11939 | Lair:1   | Noticed a minotaur
 11946 | Lair:1   | Killed a minotaur
 11954 | Lair:1   | Killed a minotaur
 11958 | Lair:1   | Noticed a minotaur
 11964 | Lair:1   | Killed a minotaur
 12091 | Lair:1   | Noticed a centaur warrior
 12091 | Lair:1   | Noticed a centaur warrior
 12091 | Lair:1   | Noticed a merfolk javelineer
 12094 | Lair:1   | Killed a centaur warrior
 12097 | Lair:1   | Killed a centaur warrior
 12112 | Lair:1   | Killed a merfolk javelineer
 12261 | Lair:1   | Noticed a tengu warrior
 12261 | Lair:1   | Noticed a deep elf annihilator
 12261 | Lair:1   | Noticed a deep elf death mage
 12261 | Lair:1   | Noticed a deep elf knight
 12279 | Lair:1   | Killed a deep elf death mage
 12279 | Lair:1   | Killed a deep elf knight
 12279 | Lair:1   | Killed a deep elf annihilator
 12279 | Lair:1   | Killed a tengu warrior
 12789 | Lair:2   | Killed a frost giant
 12861 | Lair:2   | Killed a deep elf knight
 12888 | Lair:2   | Noticed a centaur warrior
 12888 | Lair:2   | Noticed a stone giant
 12914 | Lair:1   | Killed a centaur warrior
 12920 | Lair:2   | Noticed a naga warrior
 12920 | Lair:2   | Noticed a naga ritualist
 12920 | Lair:2   | Noticed a merfolk javelineer
 13085 | Lair:2   | Killed a frost giant
 13216 | Lair:2   | Killed a merfolk javelineer
 13295 | Lair:1   | Killed a naga ritualist
 13300 | Lair:1   | Killed a naga warrior
 13350 | Lair:2   | Killed a stone giant
 13567 | Lair:2   | Noticed a naga warrior
 13567 | Lair:2   | Noticed a tengu warrior
 13567 | Lair:2   | Noticed a naga warrior
 13600 | Lair:2   | Killed a tengu warrior
 13608 | Lair:2   | Killed a naga warrior
 13621 | Lair:2   | Killed a naga warrior
 13664 | Lair:2   | Reached XP level 13. HP: 104/104 MP: 13/13
 13722 | Lair:2   | Found a snail-covered altar of Cheibriados.
 13772 | Lair:2   | Noticed a deep elf master archer
 13772 | Lair:2   | Noticed a frost giant
 13772 | Lair:2   | Noticed a centaur warrior
 13781 | Lair:2   | Killed a frost giant
 13781 | Lair:2   | HP: 3/105 [centaur warrior/arrow[the fury of Okawaru] (6)]
 13782 | Lair:2   | Shot with an arrow by a deep elf master archer

Illustrated notes

Levels and vault maps discovered:
D:1:      dpeg_arrival_simpleton_b, layout_basic,
          hellmonk_ecumenical_altar_inner_sanctum, minivault_5
D:2:      layout_loops_corners, kennysheep_boxes
D:3:      layout_loops_corners, pf_guarded_unrand_delatra
D:4:      layout_cave_pools, fedhas_ov_isle_minmay, uniq_blork_the_orc,
          uniq_sigmund
D:5:      due_chaos_kobolds, layout_basic, serial_bayou_pond_e
D:6:      layout_loops_cross, kennysheep_mini_moat, minmay_temple_entry_grid,
          due_unseen_surprise, uniq_edmund
D:7:      layout_gridville, serial_bayou, serial_bayou_shore_a,
          serial_bayou_pond_a, serial_bayou_pond_b, serial_bayou_lagoon_b
D:8:      layout_loops_ring, old_standard_altar, mainiacjoe_overflow_swirl,
          serial_shops, nicolae_stop_n_shop_2
D:9:      layout_rooms
D:10:     layout_small_grid, mainiacjoe_overflow_brackets,
          grunt_dithmenos_smoke, erik_lair_island, bh_circular_ruins,
          uniq_maggie, uniq_urug, uniq_joseph
Temple:   eino_wide_crystal_templ
Lair:1:   layout_regular_city, chequers_serial_rivers_room_b, grunt_megastairs_2
Lair:2:   layout_cave_pods, minivault_26, kennysheep_snail_temple,
          grunt_megastairs_4

Skill      XL: |  1  2  3  4  5  6  7  8  9 10 11 12 |
---------------+-------------------------------------+-----
Dodging        | 2 3 4 5 6 7 8 9 |  9.2
Fighting       | 3 4 5 6 7 8 9 10 | 10.9
Maces & Flails | 1 2 3 4 5 7 8 |  8.7
Ranged Weapons | 5 6 7 |  7.6
Armour         | 1 3 5 6 8 9 |  9.8
Shields        | 4 7 9 |  9.5
Stealth        | |  1.3

Action                   |  1- 3 |  4- 6 |  7- 9 | 10-12 | 13-15 || total
-------------------------+-------+-------+-------+-------+-------++-------
Melee: Dire flail        |     2 |    47 |    67 |   582 |    28 ||   726
 Fire: Shortbow          |    67 |    21 |   140 |    40 |       ||   268
Invok: Heroism           |       |       |       |     2 |       ||     2
 Abil: Dig               |       |       |     3 |     2 |       ||     5
Evoke: Wand              |       |       |     6 |    34 |       ||    40
       Condenser vane    |       |       |       |     1 |       ||     1
  Use: Scroll            |     5 |     3 |     5 |    13 |       ||    26
       Potion            |       |     1 |     4 |    10 |     4 ||    19
Armor: Scale mail        |    16 |       |       |       |       ||    16
       Plate armour      |     2 |    46 |   106 |   130 |       ||   284
       Storm dragon scal |       |       |       |   109 |     2 ||   111
Dodge: Dodged            |    17 |    27 |    92 |   434 |    13 ||   583
Block: Kite shield       |       |       |       |   407 |     9 ||   416

Table legend: (Time is in decaauts)
 A = Elapsed time spent in this place.
 B = Non-inter-level travel time spent in this place.
 C = Inter-level travel time spent in this place.
 D = Time resting spent in this place.
 E = Time spent auto-exploring this place.
 F = Levels seen in this place.
 G = Mean time per level.
                   A        B        C        D        E       F      G
               +--------+--------+--------+--------+--------+-----+--------+
         Total |  14053 |   6292 |   7761 |   3065 |      0 |  13 | 1081.0 |
       Dungeon |  11626 |   4892 |   6734 |   2719 |      0 |  10 | 1162.6 |
        Temple |    120 |      2 |    118 |      0 |      0 |   1 |  120.0 |
          Lair |   2306 |   1397 |    909 |    346 |      0 |   2 | 1153.0 |
               +--------+--------+--------+--------+--------+-----+--------+

Top non-repeatable levels by time:
     D:6: 1946 daAuts
     D:7: 1588 daAuts
     D:3: 1573 daAuts
     D:2: 1427 daAuts
  Lair:1: 1344 daAuts
     D:8: 1225 daAuts
     D:1: 987 daAuts
  Lair:2: 961 daAuts
     D:4: 868 daAuts
     D:5: 808 daAuts
    D:10: 677 daAuts
     D:9: 524 daAuts
  Temple: 120 daAuts
